 Dungeon Crawl Stone Soup version 0.29-a0-9-g022ca4c (webtiles) character file.

Game seed: 7914263370427135357

64 Illumine the Covert (level 4, 0/41 HPs)
             Began as a Gnoll Delver on Jan 28, 2022.
             Slain by a scorpion (6 damage)
             ... on level 4 of the Dungeon.
             The game lasted 00:01:32 (431 turns).

Illumine the Covert (Gnoll Delver)                   Turns: 431, Time: 00:01:32

Health: 0/41       AC:  3    Str: 14    XL:     4   Next: 12%
Magic:  5/5        EV: 13    Int:  9    God:
Gold:   17         SH:  0    Dex: 13    Spells: 5/5 levels left

rFire   . . .      SeeInvis .   j - +0 battleaxe
rCold   . . .      Faith    .   (shield currently unavailable)
rNeg    . . .      Spirit   .   b - +0 leather armour
rPois   .          Reflect  .   (no helmet)
rElec   .          Harm     .   (no cloak)
rCorr   .          Rampage  .   (no gloves)
Will    .....                   (no boots)
Stlth   ++++......              (no amulet)
HPRegen 0.13/turn               (no ring)
MPRegen 0.09/turn               (no ring)

@: lethally poisoned (0 -> -9)
A: fangs 1, strong nose, distributed training
a: no special abilities


You were on level 4 of the Dungeon.
You visited 1 branch of the dungeon, and saw 2 of its levels.

You collected 17 gold pieces.

Inventory:

Hand Weapons
 a - a +0 falchion
 j - a +0 battleaxe (weapon)
Armour
 b - a +0 leather armour (worn)
Wands
 g - a wand of digging (2)
Scrolls
 c - a scroll of fog
 d - a scroll of teleportation {unknown}
 e - a scroll of fear
 h - a scroll of enchant armour {unknown}
 k - a scroll of identify {unknown}
Potions
 f - a potion of haste
 i - a potion of heal wounds {unknown}


   Skills:
 + Level 6.6 Fighting
 + Level 1.0 Short Blades
 + Level 4.6 Long Blades
 + Level 1.0 Axes
 + Level 1.0 Maces & Flails
 + Level 1.0 Polearms
 + Level 1.0 Staves
 + Level 1.0 Slings
 + Level 1.0 Bows
 + Level 1.0 Crossbows
 + Level 1.0 Throwing
 + Level 1.0 Armour
 + Level 4.6 Dodging
 + Level 9.6 Stealth
 + Level 1.0 Shields
 + Level 1.0 Unarmed Combat
 + Level 1.0 Spellcasting
 + Level 0.8 Conjurations
 + Level 0.8 Hexes
 + Level 0.8 Summonings
 + Level 0.8 Necromancy
 + Level 0.8 Translocations
 + Level 0.8 Transmutations
 + Level 0.8 Fire Magic
 + Level 0.8 Ice Magic
 + Level 0.8 Air Magic
 + Level 0.8 Earth Magic
 + Level 0.8 Poison Magic
 + Level 1.1 Invocations
 + Level 1.0 Evocations


You had 5 spell levels left.
You didn't know any spells.
Your spell library was empty.

Dungeon Overview and Level Annotations

Branches:
Dungeon (5/15)
 Temple: D:4-7

Altars:
Gozag


Innate Abilities, Weirdness & Mutations

You have very sharp teeth.
Your uncanny sense of smell can sniff out nearby items.
Your experience applies equally to all skills.


Message History

Your Bows skill increases to level 1!
Your Crossbows skill increases to level 1!
Your Throwing skill increases to level 1!
Your Armour skill increases to level 1!
Your Shields skill increases to level 1!
Your Unarmed Combat skill increases to level 1!
Your Spellcasting skill increases to level 1!
Your Invocations skill increases to level 1!
Your Evocations skill increases to level 1!
You have reached level 4!
You feel stronger.
You start resting.
You hear the brisk rusting of a very distant drain.
You now have 17 gold pieces (gained 5).
You open the door.
There is an open door here.
Found a scroll labelled PYISEO APRUTA.
k - a scroll labelled PYISEO APRUTA A scorpion comes into view.
The helpless scorpion fails to defend itself.
You slash the scorpion!
The scorpion is heavily wounded.
The scorpion stings you!
You are poisoned.
The scorpion poisons you! The scorpion stings you!
You are more poisoned.
The scorpion poisons you!
You closely miss the scorpion.
The scorpion is heavily wounded.
You feel extremely sick. The scorpion barely misses you.
The scorpion stings you!
* * * LOW HITPOINT WARNING * * *
Unknown command.
You completely miss the scorpion.
You bite the scorpion, but do no damage.
The scorpion is heavily wounded.
* * * LOW HITPOINT WARNING * * *
You feel very sick. The scorpion stings you.
You die...

*,*****#.# *,* #.#
*,*****#.#******* #######
*,,,,,,...,,,,,,*
......##########.###***,**
......'............,,>,,,*
......####.#####.#******,*
......# #.......# *,*
......# #.#####@# *,*
###+### #.# #s# *,* *,*
#.# #.# *,* # *,*
#.#***#.# *,* # *,*
#.#<,,..# *,* # *,*
#.#***#.#******,* # *,*
#.# #..,,∆,,,,* #**,*
*,****###******** .#*,*
**,,,,,,,,,*


You could see a scorpion.

Vanquished Creatures
  2 centaur skeletons (D:4)
  A worm (D:4)
  A goblin (D:4)
  A hobgoblin (D:4)
  A quokka (D:4)
  A ball python (D:4)
7 creatures vanquished.

Notes
Turn   | Place    | Note
-------+----------+-------------------------------------------
     0 | D:5      | Reached skill level 9 in Stealth
     0 | D:5      | Illumine the Gnoll Delver began the quest for the Orb.
     0 | D:5      | Reached XP level 1. HP: 23/23 MP: 1/1
     8 | D:5      | Found an opulent altar of Gozag.
   219 | D:4      | Reached XP level 2. HP: 19/29 MP: 2/2
   223 | D:4      | Reached XP level 3. HP: 14/35 MP: 2/4
   376 | D:4      | Reached skill level 1 in Short Blades
   376 | D:4      | Reached skill level 1 in Axes
   376 | D:4      | Reached skill level 1 in Maces & Flails
   376 | D:4      | Reached skill level 1 in Polearms
   376 | D:4      | Reached skill level 1 in Staves
   376 | D:4      | Reached skill level 1 in Slings
   376 | D:4      | Reached skill level 1 in Bows
   376 | D:4      | Reached skill level 1 in Crossbows
   376 | D:4      | Reached skill level 1 in Throwing
   376 | D:4      | Reached skill level 1 in Armour
   376 | D:4      | Reached skill level 1 in Shields
   376 | D:4      | Reached skill level 1 in Unarmed Combat
   376 | D:4      | Reached skill level 1 in Spellcasting
   376 | D:4      | Reached skill level 1 in Invocations
   376 | D:4      | Reached skill level 1 in Evocations
   376 | D:4      | Reached XP level 4. HP: 37/41 MP: 5/5
   425 | D:4      | Noticed a scorpion
   431 | D:4      | Slain by a scorpion

Illustrated notes

Levels and vault maps discovered:
D:4:      layout_basic, lightli_sewer_entry_pipes
D:5:      layout_basic, mainiacjoe_overflow_24_doors, amcnicky_altar_gilded,
          nicolae_overflow_hidden_temple, grunt_ministairs_7

Skill      XL: |  1  2  3 |
---------------+----------+-----
Stealth        | |  9.6
Short Blades   | 1 |  1.0
Axes           | 1 |  1.0
Maces & Flails | 1 |  1.0
Polearms       | 1 |  1.0
Staves         | 1 |  1.0
Slings         | 1 |  1.0
Bows           | 1 |  1.0
Crossbows      | 1 |  1.0
Throwing       | 1 |  1.0
Armour         | 1 |  1.0
Shields        | 1 |  1.0
Unarmed Combat | 1 |  1.0
Spellcasting   | 1 |  1.0
Invocations    | 1 |  1.1
Evocations     | 1 |  1.0
Fighting       | |  6.6
Long Blades    | |  4.6
Dodging        | |  4.6
Conjurations   | |  0.8
Hexes          | |  0.8
Summonings     | |  0.8
Necromancy     | |  0.8
Translocations | |  0.8
Transmutations | |  0.8
Fire Magic     | |  0.8
Ice Magic      | |  0.8
Air Magic      | |  0.8
Earth Magic    | |  0.8
Poison Magic   | |  0.8

Action                   |  1- 3 |  4- 6 || total
-------------------------+-------+-------++-------
Melee: Falchion          |     9 |       ||     9
       Battleaxe         |    10 |     3 ||    13
       Bite              |     3 |     1 ||     4
Evoke: Wand              |     1 |       ||     1
  Use: Scroll            |     1 |       ||     1
 Stab: Sleeping          |     2 |     1 ||     3
Armor: Leather armour    |     9 |       ||     9
Dodge: Dodged            |    18 |     1 ||    19

Table legend: (Time is in decaauts)
 A = Elapsed time spent in this place.
 B = Non-inter-level travel time spent in this place.
 C = Inter-level travel time spent in this place.
 D = Time resting spent in this place.
 E = Time spent auto-exploring this place.
 F = Levels seen in this place.
 G = Mean time per level.
                   A        B        C        D        E       F      G
               +--------+--------+--------+--------+--------+-----+--------+
         Total |    439 |    439 |      0 |    209 |      0 |   2 |  219.5 |
       Dungeon |    439 |    439 |      0 |    209 |      0 |   2 |  219.5 |
               +--------+--------+--------+--------+--------+-----+--------+

Top non-repeatable levels by time:
     D:4: 380 daAuts
     D:5: 59 daAuts
